 Dungeon Crawl Stone Soup version 0.29-a0-553-g81b289dbe5 (webtiles) character file.

Game seed: 16632271412253749348

95 freelancePsychic the Vandal (level 5, -2/45 HPs)
             Began as a Meteoran Wanderer on June 7, 2022.
             Slain by a black bear (7 damage)
             ... on level 3 of the Dungeon.
             The game lasted 00:05:20 (736 turns).

freelancePsychic the Vandal (Meteoran Wanderer)      Turns: 736, Time: 00:05:21

Health: -2/45      AC:  4    Str: 11    XL:     5   Next: 18%
Magic:  11/11      EV: 10    Int: 16    God:
Gold:   65         SH:  4    Dex: 15    Spells: 6/10 levels left

rFire   + . .      SeeInvis +   a - +2 hunting sling
rCold   . . .      Faith    .   b - +0 buckler
rNeg    . . .      Spirit   .   d - +0 robe
rPois   .          Reflect  .   (no helmet)
rElec   .          Harm     .   (no cloak)
rCorr   .          Rampage  .   (no gloves)
Will    .....                   (no boots)
Stlth   +.........              (no amulet)
HPRegen 0.15/turn               f - ring of see invisible
MPRegen 0.12/turn               (no ring)

@: attractive, glowing
A: sense surroundings 1, otherworldly, glowing, explore regen, iridescent scales
1, fire resistance 1
a: no special abilities


You were on level 3 of the Dungeon.
You visited 1 branch of the dungeon, and saw 3 of its levels.

You collected 65 gold pieces.

Inventory:

Hand Weapons
 a - a +2 hunting sling (weapon)
Armour
 b - a +0 buckler (worn)
 d - a +0 robe (worn)
Jewellery
 f - a ring of see invisible (left hand)


   Skills:
 + Level 3.5 Fighting
 - Level 4.8 Slings
 - Level 2.4 Shields
 + Level 3.3 Spellcasting
 + Level 1.6 Conjurations
 + Level 1.6 Fire Magic


You had 6 spell levels left.
You knew the following spells:

 Your Spells              Type           Power      Damage    Failure   Level
a - Foxfire               Conj/Fire      28%        2x1d5     12%         1
b - Inner Flame           Hex/Fire       5%         N/A       45%         3

Your spell library contained the following spells:

 Spells                   Type           Power      Damage    Failure   Level
 Ensorcelled Hibernation  Hex/Ice        4%         N/A       34%         2
 Spider Form              Tmut/Pois      2%         N/A       56%         3
 Anguish                  Hex/Necr       1%         N/A       93%         4


Dungeon Overview and Level Annotations

Branches:
Dungeon (3/15)

Altars:

Portals:
Sewer: D:3


Innate Abilities, Weirdness & Mutations

You passively map a small area around you.
You are easily found by Zot.
You glow in the dark.
You regain HP and MP as you explore.
You are partially covered in iridescent scales. (AC +2)
Your flesh is heat resistant. (rF+)


Message History

You aren't carrying any potions.
You aren't carrying any items that you can evoke.
Casting: Foxfire (safe; 12% risk of failure)
Confirm with . or Enter, or press ? or * to list all spells.
You conjure some foxfire!
You block the black bear's attack.
The black bear claws you but does no damage.
You block the black bear's attack.
Fire: a) +2 hunting sling
Press: ? - help, Shift-Dir - straight line, f - black bear
Aim: a black bear (ally target, 69% to hit)
You shoot a sling bullet. The sling bullet hits the black bear!
The black bear is moderately wounded.
The foxfire hits the black bear but does no damage.
The black bear is moderately wounded.
The foxfire hits the black bear.
The black bear is moderately wounded.
The black bear bites you but does no damage.
The black bear claws you but does no damage.
The black bear completely misses you. The black bear bites you.
* * * LOW HITPOINT WARNING * * *
The black bear barely misses you.
The black bear claws you but does no damage.
The black bear bites you.
* * * LOW HITPOINT WARNING * * *
You block the black bear's attack. The black bear claws you.
* * * LOW HITPOINT WARNING * * *
The black bear attacks as you move away!
The black bear bites you.
* * * LOW HITPOINT WARNING * * *
The black bear claws you but does no damage.
The black bear claws you.
* * * LOW HITPOINT WARNING * * *
Found a stone staircase leading up.
The black bear closely misses you. The black bear claws you.
* * * LOW HITPOINT WARNING * * *
The black bear claws you.
* * * LOW HITPOINT WARNING * * *
The black bear attacks as you move away!
The black bear bites you!
You die...

* ## ,, , , .###..
##.##.# # ##
#..#...#..<#.# *#.
#.##.##...#.....# *
#.#,#...##...+.....# ,
*#.##..###..##.....###
#....###.†.+........
.####..#..##..##:[....##,
..##...#...#...h@..≈....
..##.#.#.#.#†..##≈≈≈≈≈##
.#####.#.#.#...##≈≈≈≈≈##
, #..#
#...#.#..≈≈≈≈....≈≈
..####...##....≈≈.....≈≈,
..#.#..#..#..†.≈≈..∩....
8.....###......≈≈.....≈≈
..#.#..#..#....≈≈.....≈≈
).####...##....##≈≈.≈≈##,


You could see a black bear.

Vanquished Creatures
  Natasha (D:2)
  An adder (D:2)
  2 river rats (D:3)
  3 worms (D:2)
  5 endoplasms
  3 goblins
  2 hobgoblins
  4 jackals (D:2)
  3 kobolds (D:1)
  A quokka (D:1)
  3 ball pythons
  5 bats
  A frilled lizard (D:1)
  A rat (D:3)
35 creatures vanquished.

Vanquished Creatures (others)
  61 foxfires
61 creatures vanquished.

Grand Total: 96 creatures vanquished

Notes
Turn   | Place    | Note
-------+----------+-------------------------------------------
     0 | D:1      | freelancePsychic the Meteoran Wanderer began the quest for
                  | the Orb.
     0 | D:1      | freelancePsychic set off with the following items: a +2
                  | hunting sling, a +0 buckler, a scroll of blinking, a +0
                  | robe; and the following spell memorised: Foxfire; and the
                  | following spells available to memorise: Inner Flame
     0 | D:1      | Reached XP level 1. HP: 17/17 MP: 5/5
    81 | D:1      | Reached XP level 2. HP: 23/25 MP: 6/6
   442 | D:2      | Reached XP level 3. HP: 9/31 MP: 8/8
   463 | D:2      | Learned a level 3 spell: Inner Flame
   473 | D:2      | Noticed Natasha
   486 | D:2      | Killed Natasha
   487 | D:2      | Reached skill level 1 in Conjurations
   487 | D:2      | Reached skill level 1 in Fire Magic
   487 | D:2      | Reached XP level 4. HP: 26/38 MP: 4/9
   682 | D:3      | Found a glowing drain.
   699 | D:3      | Reached XP level 5. HP: 7/45 MP: 5/10
   721 | D:3      | Noticed a black bear
   728 | D:3      | Gained mutation: You are partially covered in iridescent
                  | scales. (AC +2) [potion of mutation]
   728 | D:3      | Gained mutation: Your flesh is heat resistant. (rF+)
                  | [potion of mutation]
   736 | D:3      | Slain by a black bear

Illustrated notes

Levels and vault maps discovered:
D:1:      dpeg_arrival_leaves_temple_mockup, layout_loops_cross,
          dreamdust_ecumenical_altar_grove,
          nicolae_concentric_dashed_squares_wild, kennysheep_decorative_pillar,
          minmay_split_cup_small
D:2:      layout_loops_ring, uniq_natasha
D:3:      wad_crossroads, layout_basic, cheibrodos_sewer_entry_sluice,
          minmay_ruptured, uniq_jessica

Skill      XL: |  1  2  3 |
---------------+----------+-----
Fighting       | 3 |  3.5
Spellcasting   | 3 |  3.3
Conjurations   | 1 |  1.6
Fire Magic     | 1 |  1.6
Slings         | |  4.8
Shields        | |  2.4

Action                   |  1- 3 |  4- 6 || total
-------------------------+-------+-------++-------
 Fire: Hunting sling     |    54 |    48 ||   102
 Cast: Foxfire           |     9 |    28 ||    37
  Use: Potion            |     2 |     5 ||     7
       Scroll            |     2 |     1 ||     3
Armor: Robe              |     9 |    17 ||    26
Dodge: Dodged            |    16 |    33 ||    49
Block: Buckler           |     4 |    20 ||    24

Table legend: (Time is in decaauts)
 A = Elapsed time spent in this place.
 B = Non-inter-level travel time spent in this place.
 C = Inter-level travel time spent in this place.
 D = Time resting spent in this place.
 E = Time spent auto-exploring this place.
 F = Levels seen in this place.
 G = Mean time per level.
                   A        B        C        D        E       F      G
               +--------+--------+--------+--------+--------+-----+--------+
         Total |    767 |    743 |     24 |    100 |    144 |   3 |  255.7 |
       Dungeon |    767 |    743 |     24 |    100 |    144 |   3 |  255.7 |
               +--------+--------+--------+--------+--------+-----+--------+

Top non-repeatable levels by time:
     D:1: 426 daAuts
     D:2: 202 daAuts
     D:3: 138 daAuts
